 Dungeon Crawl Stone Soup version 0.31.0-11-ge490571c62 (webtiles) character file.

Game seed: 4998600977410980326

270 qw the Skirmisher (level 6, -18/35 HPs)
             Began as a Deep Elf Hunter on Feb 4, 2024.
             Demolished by an ogre
             ... wielding a +0 giant club
              (29 damage)
             ... on level 4 of the Dungeon.
             The game lasted 00:00:10 (2618 turns).

qw the Skirmisher (Deep Elf Hunter)                 Turns: 2618, Time: 00:00:10

Health: -18/35     AC:  9    Str: 14    XL:     6   Next: 1%
Magic:  8/8        EV: 10    Int: 11    God:
Gold:   169        SH:  0    Dex: 17    Spells: 5/5 levels left

rFire   + . .        a - +0 shortbow
rCold   . . .        (shield currently unavailable)
rNeg    . . .        g - +1 scale mail {rF+}
rPois   .            (no helmet)
rElec   .            j - +0 cloak
rCorr   .            (no gloves)
SInv    .            b - +0 pair of boots
Will    .....        e - amulet of faith
Stlth   +            (no ring)
HPRegen 0.25/turn    (no ring)
MPRegen 0.11/turn

%: faith
@: no status effects
A: talons 1, dopey 1, strong 1, teleportitis 1
a: no special abilities


You were on level 4 of the Dungeon.
You visited 1 branch of the dungeon, and saw 4 of its levels.

You collected 169 gold pieces.


Innate Abilities, Weirdness & Mutations

You have sharp toenails.
You are dopey. (Int -2)
Your muscles are strong. (Str +4, Int/Dex -1)
You are occasionally teleported next to monsters.


   Skills:
 - Level 2.0 Fighting
 + Level 9.1 Ranged Weapons
 - Level 1.2 Armour
 - Level 2.4 Dodging
 - Level 1.2 Stealth


You had 5 spell levels left.
You didn't know any spells.
Your spell library was empty.

Inventory:

Hand Weapons
 a - a +0 shortbow (weapon)
Armour
 b - a +0 pair of boots (worn)
 g - a +1 scale mail of fire resistance (worn)
 j - a +0 cloak (worn)
Jewellery
 e - an amulet of faith (around neck)
Wands
 f - a wand of charming (11)
Scrolls
 c - 2 scrolls of teleportation
 d - a scroll of identify
Potions
 h - a potion of cancellation

Dungeon Overview and Level Annotations

Branches:
Dungeon (4/15)
 Temple: D:4-7

Altars:
Hepliaklqana
Xom
Yredelemnul


Message History

A goblin comes into view. It is wielding a +0 dagger.
The goblin shouts!
You shoot an arrow. The arrow hits the goblin.
The goblin is severely wounded.
The goblin hits you with a +0 dagger.
You shoot an arrow. The arrow hits the goblin!
You kill the goblin!
You start resting.
HP restored.
An ogre comes into view. It is wielding a +0 giant club.
The ogre shouts!
You shoot an arrow. The arrow hits the ogre.
The ogre is lightly wounded.
You shoot an arrow. The arrow hits the ogre!
The ogre is heavily wounded.
You shoot an arrow.
The arrow hits the ogre but does no damage.
The ogre is heavily wounded.
You shoot an arrow.
The arrow hits the ogre but does no damage.
The ogre is heavily wounded.
You shoot an arrow. The arrow hits the ogre.
The ogre is severely wounded.
The ogre closely misses you.
You shoot an arrow. The arrow hits the ogre.
The ogre is almost dead.
The ogre hits you with a +0 giant club!!
Ouch! That really hurt!
You shoot an arrow. The arrow hits the ogre.
The ogre is almost dead.
You shoot an arrow.
The arrow hits the ogre but does no damage.
The ogre is almost dead.
The ogre barely misses you.
You shoot an arrow.
The arrow hits the ogre but does no damage.
The ogre is almost dead.
The ogre hits you with a +0 giant club!!
Ouch! That really hurt!
You die...

.......# ......#
......# .....#####
#......... #.........
#......... #.@O......
#.######## #.# #.#
#.#########.
#######.##.)......
........##.##########
########....)........
..7.7.7.7.7#7##..######


You could see an ogre.

Vanquished Creatures
  A centaur zombie (D:3)
  2 orc priests (D:2)
  An orc wizard (D:3)
  Natasha (D:2)
  Terence (D:2)
  3 adders
  An adder zombie (D:3)
  A dart slug (D:1)
  A ribbon worm (D:2)
  3 orcs
  5 bats
  7 endoplasms
  2 giant cockroaches (D:3)
  4 hobgoblins
  11 jackals (D:1)
  2 quokkas (D:1)
  7 ball pythons
  2 frilled lizards (D:3)
  2 goblins
  7 kobolds
  2 rats
66 creatures vanquished.

Notes
Turn   | Place    | Note
-------+----------+-------------------------------------------
     0 | D:1      | qw the Deep Elf Hunter began the quest for the Orb.
     0 | D:1      | Reached XP level 1. HP: 12/12 MP: 3/3
     0 | D:1      | 0 ||| qw: Version: 0.3-a-160-g6735b56
     0 | D:1      | 0 ||| qw: Game counter: 4979
     0 | D:1      | 0 ||| qw: Melee chars always use a shield: true
     0 | D:1      | 0 ||| qw: God list: Okawaru
     0 | D:1      | 0 ||| qw: Allow faded altars: false
     0 | D:1      | 0 ||| qw: Do Orc after clearing Dungeon:15 true
     0 | D:1      | 0 ||| qw: Do second Lair branch before Depths: true
     0 | D:1      | 0 ||| qw: Lair rune preference: random
     0 | D:1      | 0 ||| qw: Goals: Normal
     0 | D:1      | 0 ||| PLANNING D:1-11
   138 | D:1      | Reached skill level 6 in Ranged Weapons
   138 | D:1      | Reached XP level 2. HP: 16/16 MP: 4/4
   415 | D:1      | Reached XP level 3. HP: 19/20 MP: 5/5
   686 | D:1      | 686 ||| UPGRADING to amulet of faith.
   691 | D:1      | 691 ||| READING scroll labelled NANEMI HEAME.
   696 | D:1      | 696 ||| READING scroll labelled AMYMI AJY XEI.
   696 | D:1      | 696 ||| ENCHANTING +0 shortbow.
   697 | D:1      | 697 ||| DROPPING scroll of butterflies.
   787 | D:2      | Found a faded altar of an unknown god.
  1022 | D:2      | Noticed Terence
  1031 | D:2      | Killed Terence
  1032 | D:2      | Reached skill level 7 in Ranged Weapons
  1135 | D:2      | Reached XP level 4. HP: 25/25 MP: 6/6
  1223 | D:2      | Noticed Natasha
  1229 | D:2      | Killed Natasha
  1298 | D:2      | Reached skill level 8 in Ranged Weapons
  1375 | D:2      | 1375 ||| UPGRADING to +1 scale mail of fire resistance.
  1385 | D:2      | 1385 ||| DROPPING +0 leather armour.
  1386 | D:2      | 1386 ||| UPGRADING to +0 cloak.
  1391 | D:2      | 1391 ||| READING scroll labelled ELA EBUOHAVIE.
  1392 | D:2      | 1392 ||| READING scroll labelled UNKIBE EBLASAIHUPN.
  1392 | D:2      | 1392 ||| IDENTIFYING coppery potion
  1393 | D:2      | 1393 ||| DROPPING potion of degeneration.
  1407 | D:3      | 1407 ||| STAIRDANCE
  1411 | D:2      | Reached XP level 5. HP: 10/29 MP: 7/7
  1491 | D:3      | 1491 ||| STAIRDANCE
  1493 | D:2      | 1493 ||| DRINKING silvery potion.
  1493 | D:2      | Gained mutation: You are occasionally teleported next to
                  | monsters. [potion of mutation]
  1493 | D:2      | Gained mutation: You are dopey. (Int -2) [potion of
                  | mutation]
  1493 | D:2      | Gained mutation: You have sharp toenails. [potion of
                  | mutation]
  1493 | D:2      | Gained mutation: Your muscles are strong. (Str +4, Int/Dex
                  | -1) [potion of mutation]
  1494 | D:2      | 1494 ||| DRINKING pink potion.
  1504 | D:3      | 1504 ||| Stepping randomly (disturbance).
  1515 | D:3      | Reached skill level 9 in Ranged Weapons
  1862 | D:3      | Found a shimmering altar of Xom.
  1873 | D:3      | Found a hazy altar of Hepliaklqana.
  1873 | D:3      | Noticed a will-o-the-wisp
  1874 | D:3      | Noticed a spectral ugly thing
  1874 | D:3      | Noticed a will-o-the-wisp
  1874 | D:3      | Noticed a will-o-the-wisp
  2202 | D:3      | Reached skill level 1 in Armour
  2261 | D:3      | Found a basalt altar of Yredelemnul.
  2456 | D:3      | 2456 ||| UPGRADING to +0 pair of boots.
  2461 | D:3      | 2461 ||| READING 2 scrolls of identify.
  2461 | D:3      | 2461 ||| IDENTIFYING red potion
  2500 | D:4      | Reached XP level 6. HP: 33/35 MP: 8/8
  2618 | D:4      | Demolished by an ogre

Levels and vault maps discovered:
D:1:      wander_arrival_peaceful_grave, layout_loops_ring, kennysheep_boxes
D:2:      layout_basic, hellmonk_ecumenical_altar_run_dry, serial_glass,
          glass_columns_b, glass_columns_b, glass_columns_b, glass_columns_a,
          uniq_terence, uniq_natasha
D:3:      layout_basic, regret_index_temple_of_mockery,
          lemuel_zombie_altar_yredelemnul
D:4:      layout_basic, serial_forest, infiniplex_forest_corner_2,
          infiniplex_forest_end_1, infiniplex_forest_straight_4,
          infiniplex_forest_lined_3, infiniplex_forest_fountain, serial_shops,
          shop, corexii_item_surrounded_by_moat, uniq_grinder

Skill      XL: |  1  2  3  4  5 |
---------------+----------------+-----
Ranged Weapons | 6 7 8 9 |  9.1
Fighting       | 2 |  2.0
Armour         | 1 |  1.2
Dodging        | |  2.4
Stealth        | |  1.2

Action                     |  1- 3 |  4- 6 || total
---------------------------+-------+-------++-------
   Fire: Shortbow          |    99 |   119 ||   218
    Use: Scroll            |     2 |     3 ||     5
         Potion            |       |     2 ||     2
 Armour: Leather armour    |    15 |       ||    15
         Scale mail        |       |    75 ||    75
  Dodge: Dodged            |    14 |    44 ||    58

Table legend:
 A = Non-vault XP
 B = Vault XP
 C = Vault XP percentage of total XP
 D = Non-vault monster count
 E = Vault monster count
 F = Vault count percentage of total count
                 A         B        C        D         E       F
            +---------+---------+-------+---------+---------+-------
      Total |     265 |     121 |  31.3 |      62 |       4 |   6.1
            +---------+---------+-------+---------+---------+-------
        D:1 |      55 |       0 |   0.0 |      29 |       0 |   0.0
        D:2 |     116 |      67 |  36.6 |      13 |       2 |  13.3
        D:3 |      76 |      54 |  41.5 |      17 |       2 |  10.5
        D:4 |      18 |       0 |   0.0 |       3 |       0 |   0.0
            +---------+---------+-------+---------+---------+-------
